Map: Moonlight Madness LE (Void)

Players

wabbajack - Winner!

  • Race: Zerg Zerg
  • League: Gold

DoDo

  • Race: Terran Terran
  • League: Bronze

VOD

Have the link to the VOD?

Description

Time

  • Played on: July 19, 2015, 6:24 p.m.
  • Length: 8:17
Show
View Real Time Build Order
Export as new Build Order

wabbajack Zerg - Winner!

Build Orders: Hatch First 

Get SALT Encoding   

  12  0:01  Drone  
  13  0:19  Drone  
  14  0:21  Overlord  
  14  0:25  Extractor  
  14  0:26  Drone  
  14  0:32  Drone, Extractor  
  16  0:43  Drone  
  17  0:56  Hatchery  
  16  1:02  Extractor  
  15  1:05  Drone x2  
  17  1:18  Spawning Pool  
  16  1:27  Drone x2  
  18  1:34  Drone  
  19  1:45  Overlord  
  19  2:05  Queen  
  19  2:06  Metabolic Boost  
  19  2:08  Queen  
  23  2:14  Drone x2  
  25  2:19  Drone  
  26  2:24  Drone  
  26  2:27  Overlord  
  27  2:42  Pneumatized Carapace  
  27  3:00  Drone x2  
  29  3:08  Drone x2  
  29  3:09  Drone x2  
  33  3:19  Spore Crawler  
  32  3:20  Spine Crawler  
  32  3:21  Spore Crawler  
  32  3:23  Spine Crawler, Zergling x2  
  32  3:24  Zergling x8  
  34  3:29  Zergling x2  
  34  3:31  Zergling x4  
  37  3:37  Zergling x4  
  34  5:10  Roach Warren  
  34  5:13  Evolution Chamber  
  31  5:14  Evolution Chamber  
  30  5:22  Spine Crawler  
  30  5:23  Overlord  
  30  5:24  Hatchery, Overlord  
  30  5:26  Spine Crawler  
  30  5:27  Drone  
  30  5:28  Drone x2, Extractor  
  30  5:30  Drone x6  
  28  5:54  Roach x5  
  28  5:56  Roach  
  37  5:57  Roach  
  34  6:11  Roach  
  34  6:12  Roach  
  29  6:33  Roach x7  
  25  7:41  Drone x2  
Show
View Real Time Build Order
Export as new Build Order

DoDo Terran 

Build Orders: Hellion Opening 

Get SALT Encoding   

  12  0:02  SCV  
  13  0:14  Refinery  
  13  0:17  SCV  
  14  0:28  Supply Depot  
  14  0:29  SCV  
  15  0:50  SCV  
  15  0:53  Barracks  
  16  1:03  Supply Depot  
  16  1:06  SCV  
  17  1:19  SCV  
  18  1:34  SCV  
  19  1:41  Factory  
  19  1:49  Orbital Command  
  19  1:57  Barracks Reactor  
  19  2:14  Factory  
  19  2:17  SCV  
  20  2:31  Command Center  
  20  2:33  Factory Tech Lab  
  20  2:36  Marine x2  
  22  2:46  SCV  
  22  2:50  Supply Depot  
  23  3:17  Infernal Pre-Igniter  
  23  3:21  Hellion x2  
  23  3:22  Hellion  
  29  3:31  Supply Depot  
  29  3:32  SCV  
  30  3:43  Hellion x3  
  30  3:45  SCV  
  37  3:54  Barracks Tech Lab  
  35  3:57  SCV  
  35  3:58  SCV  
  37  4:04  Hellion  
  37  4:09  SCV, Hellion  
  44  4:10  Hellion  
  44  4:12  Orbital Command  
  44  4:40  Hellion  
  44  4:41  Hellion x2  
  45  4:59  Marauder  
  42  5:02  Hellion x3  
  44  5:12  SCV x2  
  45  5:20  Marauder  
  47  5:23  Hellion x3  
  47  5:24  SCV x2  
  55  5:36  SCV x2  
  55  5:41  Marine  
  45  5:59  Marine  
  46  6:04  Hellion  
  46  6:05  Hellion x2  
  50  6:16  Marine  
  41  6:26  Hellion  
  41  6:35  Hellion x2, Marauder  
  32  6:47  Hellion  
  22  6:56  Hellion, Marauder  
  23  7:05  SCV x2  
  17  7:18  Marauder  
Tags
 
Add a new tag
Caveats
  • Supply blocks, unpowered buildings, or Contaminate may cause inaccurate times.
  • Supply counts are checked every 10 seconds.